 Dungeon Crawl Stone Soup version 0.30.1-3-gfc49f6343a (webtiles) character file.

Game seed: 6998437193667902921

951 cheesebisquit the Ruffian (level 7, -4/71 HPs)
             Began as a Troll Fighter on July 26, 2023.
             Slain by a troll (10 damage)
             ... on level 6 of the Dungeon.
             The game lasted 00:09:43 (4412 turns).

cheesebisquit the Ruffian (Troll Fighter)           Turns: 4412, Time: 00:09:44

Health: -4/71      AC:  4    Str: 25    XL:     7   Next: 90%
Magic:  6/6        EV:  9    Int:  6    God:
Gold:   321        SH:  8    Dex:  9    Spells: 6/6 levels left

rFire   + .          .
                       - Unarmed
rCold   . . .        b - +0 kite shield
rNeg    . . .        a - +0 robe
rPois   .            (helmet restricted)
rElec   .            (no cloak)
rCorr   .            (gloves unavailable)
SInv    .            (boots unavailable)
Will    .....        (no amulet)
Stlth   +            e - ring of protection from fire
HPRegen 1.11/turn    (no ring)
MPRegen 0.10/turn

%: no passive effects
@: no status effects
A: large, unfitting armour, claws 3, regeneration 1, shaggy fur 1, tough skin 1
a: no special abilities


You were on level 6 of the Dungeon.
You visited 2 branches of the dungeon, and saw 7 of its levels.

You collected 321 gold pieces.

Inventory:

Missiles
 p - 2 throwing nets
 t - 6 poisoned darts (quivered)
 v - a boomerang
Armour
 a - a +0 robe (worn)
 b - a +0 kite shield (worn)
Jewellery
 e - a ring of protection from fire (left claw)
Wands
 n - a wand of mindburst (20)
 z - a wand of digging (6)
Scrolls
 d - 2 scrolls of vulnerability
 h - a scroll of torment
 j - a scroll of magic mapping {unknown}
 l - a scroll of acquirement {unknown}
 m - a scroll of enchant armour {unknown}
 w - a scroll of brand weapon {unknown}
 x - a scroll of silence {unknown}
 y - a scroll of fear {unknown}
 C - a scroll of enchant weapon {unknown}
 D - a scroll of summoning {unknown}
Potions
 c - 2 potions of might
 f - a potion of resistance
 g - a potion of heal wounds {unknown}
 o - 3 potions of attraction
 q - a potion of magic {unknown}
 r - a potion of flight {unknown}
 s - a potion of degeneration {unknown}
 u - 2 potions of berserk rage
 A - a potion of mutation {unknown}
 B - a potion of brilliance {unknown}


   Skills:
 + Level 4.4 Fighting
 - Level 2.4 Dodging
 + Level 4.9 Shields
 * Level 6.7 Unarmed Combat


You had 6 spell levels left.
You didn't know any spells.
Your spell library contained the following spells:

 Spells                   Type           Power      Damage    Failure   Level
 Confusing Touch          Hex            0%         N/A       96%         3
 Gell's Gravitas          Tloc           0%         N/A       96%         3
 Teleport Other           Tloc           0%         N/A       96%         3
 Volatile Blastmotes      Fire/Tloc      0%         2d10      96%         3
 Cause Fear               Hex            0%         N/A       100%        4
 Fulminant Prism          Conj/Hex       0%         3d5       100%        4
 Iskenderun's Mystic Bla  Conj/Tloc      0%         2d3       100%        4
 Lee's Rapid Deconstruct  Erth           0%         3d4*      100%        5
 Dispersal                Tloc           0%         N/A       100%        6


Dungeon Overview and Level Annotations

Branches:
Dungeon (6/15)             Temple (1/1) D:5

Altars:
Ashenzari
Cheibriados
Dithmenos
Elyvilon
Fedhas
Gozag
Hepliaklqana
Makhleb
Nemelex Xobeh
Okawaru
Qazlal
Ru
Sif Muna
Trog
Uskayaw
Vehumet
Yredelemnul

Shops:
D:1 *   D:4 !((

Annotations:
D:3 2 runed translucent doors, Taurus's ghost, amateur MiFi


Innate Abilities, Weirdness & Mutations

You are too large for most types of armour.
You have claws for hands.
Your natural rate of healing is unusually fast.
You are covered in fur. (AC +1)
You have tough skin. (AC +1)


Message History

You kill the adder!
You feel your willpower return.
HP restored.
t - 11 poisoned darts (gained 1)
A troll comes into view.
The troll shouts!
You throw a poisoned dart. The poisoned dart hits the troll.
The troll is poisoned.
You throw a poisoned dart.
The poisoned dart closely misses the troll.
You throw a poisoned dart. The poisoned dart hits the troll.
The troll looks even sicker.
You throw a poisoned dart. The poisoned dart hits the troll.
The troll looks even sicker.
The troll is lightly wounded.
You throw a poisoned dart.
The poisoned dart barely misses the troll.
You claw the troll!
The troll is heavily wounded.
The troll closely misses you. The troll claws you!
The troll closely misses you.
You scratch the troll.
The troll is heavily wounded.
The troll closely misses you. The troll claws you!
You block the troll's attack.
You closely miss the troll.
The troll is heavily wounded.
The troll bites you. The troll barely misses you. The troll claws you.
You scratch the troll.
The troll is severely wounded.
The troll bites you!! The troll claws you!
* * * LOW HITPOINT WARNING * * *
The troll claws you.
* * * LOW HITPOINT WARNING * * *
You closely miss the troll.
The troll is severely wounded.
The troll bites you!
* * * LOW HITPOINT WARNING * * *
The troll claws you!
You die...

# .# #########
##+.+## ........#
....... ........#
.8..... ..........##
.......
...........###.(.....
#..... #.....@T.((.((
#..... #?.....##+.+##
#.....##......#
#.............##
#...............#
####............
#...########## +...#
#### #...#


You could see a troll (very poisoned).

Vanquished Creatures
  An ogre (D:3)
  A centaur (D:5)
  2 phantoms (D:4)
  A scorpion (D:4)
  A vampire bat (D:4)
  4 hounds
  2 iguanas
  An orc priest (D:5)
  An orc wizard (D:5)
  8 gnolls
  14 adders
  3 worms
  2 dart slugs
  12 orcs
  10 bats
  8 endoplasms
  2 giant cockroaches
  8 hobgoblins
  4 jackals
  9 kobolds
  6 quokkas
  2 ball pythons
  2 frilled lizards
  10 goblins
  10 rats
124 creatures vanquished.

Vanquished Creatures (others)
  A wizard (D:5)
1 creature vanquished.

Grand Total: 125 creatures vanquished

Notes
Turn   | Place    | Note
-------+----------+-------------------------------------------
     0 | D:1      | cheesebisquit the Troll Fighter began the quest for the
                  | Orb.
     0 | D:1      | Reached XP level 1. HP: 22/22 MP: 0/0
    97 | D:1      | Reached XP level 2. HP: 29/29 MP: 1/1
   268 | D:1      | Found Ahe Wafu's General Store.
   470 | D:1      | Reached XP level 3. HP: 36/36 MP: 2/2
   476 | D:1      | Reached skill level 3 in Unarmed Combat
   941 | D:2      | Reached XP level 4. HP: 43/44 MP: 3/3
   944 | D:2      | Found a faded altar of an unknown god.
  1859 | D:3      | Found a sparkling altar of Nemelex Xobeh.
  1876 | D:3      | Got the Folio of Bewitchment
  2008 | D:3      | Found a large runed translucent door.
  2008 | D:3      | Found a large runed translucent door.
  2010 | D:3      | Noticed Taurus's ghost (amateur MiFi)
  2253 | D:3      | Noticed an ogre
  2262 | D:3      | Killed an ogre
  2263 | D:3      | Reached skill level 4 in Unarmed Combat
  2263 | D:3      | Reached XP level 5. HP: 31/53 MP: 4/4
  2639 | D:4      | Found a stormy altar of Qazlal.
  2744 | D:4      | Reached XP level 6. HP: 61/61 MP: 5/5
  2838 | D:4      | Reached skill level 5 in Unarmed Combat
  3056 | D:4      | Found Pygeryp's Distillery.
  3056 | D:4      | Found Pevvuo's Weapon Emporium.
  3058 | D:4      | Found Sikhozaf's Weapon Emporium.
  3269 | D:4      | Reached XP level 7. HP: 65/68 MP: 6/6
  3388 | D:5      | Entered Level 5 of the Dungeon
  3514 | D:5      | Found a staircase to the Ecumenical Temple.
  3523 | Temple   | Entered the Ecumenical Temple
  3724 | D:5      | Reached skill level 6 in Unarmed Combat
  3997 | D:5      | Found a shadowy altar of Dithmenos.
  3997 | D:5      | Found a blossoming altar of Fedhas.
  3998 | D:5      | Found a shimmering blue altar of Sif Muna.
  4026 | D:5      | Found a basalt altar of Yredelemnul.
  4094 | D:5      | Found a broken altar of Ashenzari.
  4301 | D:5      | Found a bloodstained altar of Trog.
  4304 | D:5      | Noticed a wizard
  4309 | D:5      | Killed a wizard
  4402 | D:6      | Noticed a troll
  4412 | D:6      | Slain by a troll

Illustrated notes

Levels and vault maps discovered:
D:1:      psy_arrival_dodecagon, layout_basic, serial_shops, shop
D:2:      layout_loops_ring, shapermc_ecumenical_altar_acropolis
D:3:      layout_loops_ring, nicolae_overflow_crystal_walls,
          ebering_ghost_disaster_area, chequers_big_river
D:4:      layout_loops_ring, mainiacjoe_overflow_small_starburst,
          roderic_batcave, nicolae_shop_distant_corner_stores, st_stairs_7,
          minmay_fractal_squares_diagonal_5
D:5:      layout_basic, cheibrodos_ashenzari_chains, trog_wizard,
          nicolae_overflow_quartered_altars, minmay_temple_entry_antechambers
D:6:      layout_basic, hellmonk_guarded_unrand_lears
Temple:   hellmonk_temple_beads

Skill      XL: |  1  2  3  4  5  6  7 |
---------------+----------------------+-----
Shields        | 3 4 |  4.9
Unarmed Combat | 3 4 5 6 |  6.7
Fighting       | 3 4 |  4.4
Dodging        | |  2.4

Action                     |  1- 3 |  4- 6 |  7- 9 || total
---------------------------+-------+-------+-------++-------
  Melee: Unarmed           |    84 |   189 |    72 ||   345
  Throw: Throwing net      |       |     1 |       ||     1
         Dart              |       |       |    10 ||    10
    Use: Scroll            |       |       |     6 ||     6
   Stab: Sleeping          |     1 |     1 |       ||     2
 Armour: Robe              |    22 |    64 |    13 ||    99
  Dodge: Dodged            |    17 |    71 |    28 ||   116
  Block: Kite shield       |    19 |    84 |    27 ||   130
